[Event "Early-Titled-Tuesday-Blitz-April-16-2024"]
[Site "Chess.com"]
[Date "2024.04.16"]
[Round "1"]
[White "NusratAlo"]
[Black "JG-17"]
[Result "0-1"]
[WhiteElo "1877"]
[BlackElo "2547"]
[TimeControl "180+1"]
[EndTime "8:01:32 PDT"]
[Termination "JG-17 won by resignation"]

1. e4 c5 2. Nf3 d6 3. b3 Nf6 4. Nc3 g6 5. d4 cxd4 6. Nxd4 Bg7 7. Bb2 Nc6 8. Bb5 Bd7 9. O-O Nxd4 10. Bxd7+ Nxd7 0-1

[Event "Early-Titled-Tuesday-Blitz-April-16-2024"]
[Site "Chess.com"]
[Date "2024.04.16"]
[Round "1"]
[White "AlmasRakhmatullaev"]
[Black "AktilekAskarovich"]
[Result "1-0"]
[WhiteElo "2860"]
[BlackElo "2488"]
[TimeControl "180+1"]
[EndTime "8:02:05 PDT"]
[Termination "AlmasRakhmatullaev won by resignation"]

1. e4 c6 2. d4 d5 3. exd5 cxd5 4. c4 Nf6 5. Nc3 Nc6 6. Nf3 Bg4 7. cxd5 Nxd5 8.
Qb3 Bxf3 9. gxf3 e6 10. Qxb7 Nxd4 11. Bb5+ Nxb5 12. Qc6+ Ke7 13. Qc5+ Qd6 14. Nxd5+ exd5 15. Qxb5 f6 16. Qb7+ 1-0

[Event "Early-Titled-Tuesday-Blitz-April-16-2024"]
[Site "Chess.com"]
[Date "2024.04.16"]
[Round "1"]
[White "Msb2"]
[Black "Noki102"]
[Result "1-0"]
[WhiteElo "3029"]
[BlackElo "2527"]
[TimeControl "180+1"]
[EndTime "8:02:29 PDT"]
[Termination "Msb2 won by resignation"]

1. d4 d5 2. c4 e6 3. Nc3 Bb4 4. e3 Nf6 5. Bd2 O-O 6. Nf3 Re8 7. Be2 b6 8. cxd5 exd5 9. O-O c6 10. Ne5 Bd6 11.
f4 Bf5 12. Be1 c5 13. Bh4 Nbd7 14. Nxd5 Nxd5 15. Bxd8 Nxe3 16. Qb3 1-0

[Event "Early-Titled-Tuesday-Blitz-April-16-2024"]
[Site "Chess.com"]
[Date "2024.04.16"]
[Round "1"]
[White "enriquebutti"]
[Black "UNSTOPPABLE_LEGEND"]
[Result "1-0"]
[WhiteElo "2173"]
[BlackElo "2558"]
[TimeControl "180+1"]
[EndTime "8:03:04 PDT"]
[Termination "enriquebutti won by resignation"]

1. d4 Nf6 2. Nf3 e6 3. e3 b6 4. Bd3 Bb7 5. O-O c5 6. b3 Be7 7.
Bb2 O-O 8. c4 d5 9. Nc3 Nbd7 10.
Qe2 Rc8 11. Rad1 Qc7 12. Ne5 Rfd8 13. f4 Qb8 14. cxd5 Nxd5 15. Bxh7+ Kf8 16. Nxd5 Bxd5 17. Qh5 1-0

[Event "Early-Titled-Tuesday-Blitz-April-16-2024"]
[Site "Chess.com"]
[Date "2024.04.16"]
[Round "1"]
[White "DanyKopy"]
[Black "nihalsarin"]
[Result "0-1"]
[WhiteElo "2541"]
[BlackElo "3171"]
[TimeControl "180+1"]
[EndTime "8:03:27 PDT"]
[Termination "nihalsarin won by resignation"]

1. e4 e5 2. Nf3 Nc6 3. Nc3 Nf6 4. d4 Bb4 5. Nxe5 Bxc3+ 6. bxc3 Qe7 7. Nxc6 Qxe4+ 8. Qe2 dxc6 9. Ba3 Bf5 10. Qxe4+ Bxe4 11.
O-O-O Kd7 12. f3 Bg6 13. Bd3 Rhe8 14. Rhe1 Nd5 15. Kd2 Bxd3 16. cxd3 b5 17. g3 a5 18. Bc5 b4 19. Rxe8 bxc3+ 20. Kc2 Rxe8 0-1

[Event "Early-Titled-Tuesday-Blitz-April-16-2024"]
[Site "Chess.com"]
[Date "2024.04.16"]
[Round "1"]
[White "GiorgianBarbosa"]
[Black "KuzubovYuriy"]
[Result "0-1"]
[WhiteElo "2509"]
[BlackElo "2925"]
[TimeControl "180+1"]
[EndTime "8:03:33 PDT"]
[Termination "KuzubovYuriy won by resignation"]

1. c4 e6 2. g3 d5 3. Bg2 Nf6 4. Nf3 d4 5. e3 c5 6. exd4 cxd4 7.
O-O Nc6 8. d3 Bc5 9. Bf4 O-O 10.
Ne5 Nxe5 11. Bxe5 Nd7 12. Bf4 e5 13. Bd2 a5 14. Na3 Bxa3 15. bxa3 Nc5 16. Qc2 Bf5 17. Be4 Bxe4 18. dxe4 d3 19. Qb2 Nxe4 20. Rfe1 Nxd2 21. Qxd2 Qd4 22. Rab1 Rac8 23. Rxb7 Rxc4 24. Rb3 e4 25.
Qxa5 d2 26. Rd1 Rc1 27. Rb1 Rxb1 28. Rxb1 d1=Q+ 29. Rxd1 Qxd1+ 0-1

[Event "Early-Titled-Tuesday-Blitz-April-16-2024"]
[Site "Chess.com"]
[Date "2024.04.16"]
[Round "1"]
[White "Kiborg95"]
[Black "Eliwood44"]
[Result "1-0"]
[WhiteElo "2852"]
[BlackElo "2481"]
[TimeControl "180+1"]
[EndTime "8:03:37 PDT"]
[Termination "Kiborg95 won by resignation"]

1. e4 e5 2. Nf3 Nc6 3. Bc4 Nf6 4. d3 a6 5. O-O h6 6. c3 Bc5 7. Re1 d6 8. Bb3 O-O 9. h3 Re8 10. Nbd2 Ba7 11. Nf1 Be6 12. Bc2 Qd7 13. Ng3 Rad8 14. d4 exd4 15. cxd4 d5 16. e5 Ne4 17. Be3 Nxg3 18.
fxg3 Bf5 19. Rc1 Be4 20. Kh2 Nb4 21. Bb1 Bxb1 22. Rxb1 Nxa2 23. Qb3 c5 24. Qxa2 cxd4 25. Bxd4 Bxd4 26. Nxd4 1-0

[Event "Early-Titled-Tuesday-Blitz-April-16-2024"]
[Site "Chess.com"]
[Date "2024.04.16"]
[Round "1"]
[White "Stanbad1"]
[Black "Incognizance"]
[Result "1-0"]
[WhiteElo "2549"]
[BlackElo "1911"]
[TimeControl "180+1"]
[EndTime "8:03:38 PDT"]
[Termination "Stanbad1 won by checkmate"]

1. d4 Nf6 2. Nc3 d5 3. Bf4 e6 4.
Nb5 Na6 5. e3 c6 6. Nc3 Nc7 7.
Nf3 Bd6 8. Ne5 O-O 9. Qf3 Nd7 10. Nxc6 bxc6 11. Bxd6 Nb6 12. Bxf8 Qxf8 13. Bd3 g6 14. h4 h5 15. Qg3 Ne8 16. e4 Nf6 17. e5 Ng4 18. f3 Ne3 19. Qg5 Nf5 20. O-O-O Nc4 21. Bxc4 dxc4 22. g4 Ng3 23. Rh3 hxg4 24. Rxg3 gxf3 25. h5 Qg7 26. hxg6 fxg6 27. Rf1 Bd7 28.
Qxg6 Qxg6 29. Rxg6+ Kh7 30. Rf6 Rg8 31. Rf7+ Rg7 32.
Rxg7+ Kxg7 33. Rxf3 Kg6 34. Ne4 Kh5 35. Nf6+ Kh4 36. Nxd7 Kg4 37. Rf7 Kg3 38. Nc5 c3 39. Nxe6 cxb2+ 40. Kxb2 c5 41. dxc5 a5 42. c6 a4 43. c7 a3+ 44. Kxa3 Kg2 45. c8=Q Kg1 46. Qg8+ Kh2 47. Rh7# 1-0

[Event "Early-Titled-Tuesday-Blitz-April-16-2024"]
[Site "Chess.com"]
[Date "2024.04.16"]
[Round "1"]
[White "Lily_Schirmbeck"]
[Black "Likvidator228"]
[Result "0-1"]
[WhiteElo "1443"]
[BlackElo "2545"]
[TimeControl "180+1"]
[EndTime "8:03:41 PDT"]
[Termination "Likvidator228 won by resignation"]

1. g3 h5 2. d4 h4 3. Bg2 d5 4.
Bg5 h3 5. Bf3 c6 6. c4 dxc4 7.
e4 Qa5+ 8. Bd2 Qb6 9. Bc3 Nf6 10. Ne2 Bg4 11. Nf4 Bxf3 12. Qxf3 e6 13. O-O Nbd7 14. d5 e5 15. Ne2 O-O-O 16. Nd2 cxd5 17. exd5 Qa6 18. Qg4 Nxg4 0-1

[Event "Early-Titled-Tuesday-Blitz-April-16-2024"]
[Site "Chess.com"]
[Date "2024.04.16"]
[Round "1"]
[White "CristianS27"]
[Black "Salem-AR"]
[Result "0-1"]
[WhiteElo "2526"]
[BlackElo "3027"]
[TimeControl "180+1"]
[EndTime "8:03:42 PDT"]
[Termination "Salem-AR won by resignation"]

1. e4 c5 2. Nf3 d6 3. d4 cxd4 4. Nxd4 Nf6 5. Nc3 a6 6. Be3 Ng4 7. Bc1 Nf6 8. Be3 Ng4 9. Bc1 Nc6 10. h3 Nf6 11. Be3 e6 12. Bc4 Be7 13. Bb3 O-O 14.
Qe2 Nxd4 15. Bxd4 b5 16. f3 b4 17. Na4 Rb8 18. O-O-O Qa5 19. Qe3 Nd7 20. f4 Bb7 21. f5 Bc6 22. fxe6 Bg5 23. exf7+ Kh8 0-1

[Event "Early-Titled-Tuesday-Blitz-April-16-2024"]
[Site "Chess.com"]
[Date "2024.04.16"]
[Round "1"]
[White "ljuks68"]
[Black "Alonmindlin"]
[Result "0-1"]
[WhiteElo "2375"]
[BlackElo "2665"]
[TimeControl "180+1"]
[EndTime "8:03:48 PDT"]
[Termination "Alonmindlin won by resignation"]

1. e4 g6 2. d4 Bg7 3. Nc3 d6 4. f4 c6 5. Nf3 Bg4 6. Be3 Nd7 7.
e5 e6 8. h3 Bxf3 9. Qxf3 Ne7 10. Bd3 O-O 11. O-O-O d5 12. g4 c5 13. dxc5 Nc6 14. Nb5 Qa5 15. Kb1 Nb4 16. Nc3 Nxc5 17. a3 Nbxd3 18. cxd3 Rfc8 19. f5 Nd7 20. d4 Rxc3 21.
bxc3 Qxc3 22. Rd2 Nxe5 23. dxe5 Bxe5 24. Qf2 Qa1+ 25. Kc2 Rc8+ 26. Kd3 Qxh1 0-1

[Event "Early-Titled-Tuesday-Blitz-April-16-2024"]
[Site "Chess.com"]
[Date "2024.04.16"]
[Round "1"]
[White "Koalaskakistis"]
[Black "IsaqueGoncalvesSanto"]
[Result "1-0"]
[WhiteElo "2547"]
[BlackElo "1835"]
[TimeControl "180+1"]
[EndTime "8:03:54 PDT"]
[Termination "Koalaskakistis won by resignation"]

1. e4 e6 2. d4 d5 3. Nd2 Nc6 4. Ngf3 Nf6 5. e5 Nd7 6. c3 f6 7. exf6 Qxf6 8. Bd3 Bd6 9. O-O O-O 10. Re1 e5 11.
Qb3 Qf7 12. Re2 e4 13. Nxe4 dxe4 14. Bc4 1-0

[Event "Early-Titled-Tuesday-Blitz-April-16-2024"]
[Site "Chess.com"]
[Date "2024.04.16"]
[Round "1"]
[White "shimastream"]
[Black "ajkom197"]
[Result "1-0"]
[WhiteElo "3035"]
[BlackElo "2528"]
[TimeControl "180+1"]
[EndTime "8:03:56 PDT"]
[Termination "shimastream won by resignation"]

1. e4 c6 2. Nc3 d5 3. Qe2 d4 4. Nd1 c5 5. f4 Nc6 6. Nf3 Bg4 7. Nf2 Bxf3 8. Qxf3 e5 9. Bc4 Nf6 10. d3 Bd6 11. g3 Qc7 12. O-O O-O-O 13. a3 Kb8 14.
Bd2 h6 15. Rab1 h5 16. f5 Rh7 17. b4 cxb4 18. axb4 Rdh8 19. Nh3 h4 20. g4 1-0

[Event "Early-Titled-Tuesday-Blitz-April-16-2024"]
[Site "Chess.com"]
[Date "2024.04.16"]
[Round "1"]
[White "babyking1205"]
[Black "diamonds13"]
[Result "1-0"]
[WhiteElo "2636"]
[BlackElo "2334"]
[TimeControl "180+1"]
[EndTime "8:03:58 PDT"]
[Termination "babyking1205 won by resignation"]

1. e4 c5 2. Nc3 e6 3. g3 Nc6 4. Bg2 Nf6 5. Nh3 d5 6. d3 d4 7.
Ne2 e5 8. b3 h6 9. f4 Bg4 10.
O-O Be7 11. Nf2 h5 12. h3 Bxe2 13. Qxe2 Qd7 14. a4 a5 15. Bd2 b6 16. Nd1 O-O-O 17. Nb2 Ne8 18. Nc4 Qc7 19. fxe5 Rf8 20. Qxh5 g6 21.
Qg4+ Kb7 22. Bf4 g5 23. Bxg5 Nxe5 24. Nxe5 Qxe5 25. Bf4 Qh8 26. e5+ Ka7 27. Qf3 Rb8 28.
Qc6 Bd8 29. e6 1-0

[Event "Early-Titled-Tuesday-Blitz-April-16-2024"]
[Site "Chess.com"]
[Date "2024.04.16"]
[Round "1"]
[White "GrotBchess"]
[Black "ilqar_74"]
[Result "1/2-1/2"]
[WhiteElo "2457"]
[BlackElo "2799"]
[TimeControl "180+1"]
[EndTime "8:04:12 PDT"]
[Termination "Game drawn by agreement"]

1. e4 c5 2. Nf3 d6 3. Bb5+ Nd7 4. c3 a6 5. Ba4 Nf6 6. Qe2 e6 7. O-O Be7 8. d4 cxd4 9. cxd4 d5 10. e5 Ne4 11.
Nbd2 Nxd2 12. Bxd2 O-O 13. Bc2 b5 14. Bd3 Bb7 15.
Rac1 Rc8 16. Bb1 Qb6 17. Qd3 g6 18. h4 a5 19. h5 b4 20. hxg6 fxg6 21. Qe3 Ba6 22. Rfe1 Rf7 23. Rxc8+ Bxc8 24. Nh2 Bf8 25. Ng4 Ba6 26. Rc1 a4 27. b3 a3 28. Bd3 Bxd3 29. Qxd3 Qb7 30. Bh6 Be7 31. Bd2 Rf8 32. Qh3 Qb6 33. Bh6 1/2-1/2

[Event "Early-Titled-Tuesday-Blitz-April-16-2024"]
[Site "Chess.com"]
[Date "2024.04.16"]
[Round "1"]
[White "M1711"]
[Black "Chesstiger64"]
[Result "1-0"]
[WhiteElo "2705"]
[BlackElo "2407"]
[TimeControl "180+1"]
[EndTime "8:04:13 PDT"]
[Termination "M1711 won by resignation"]

1. e4 c5 2. Nf3 e6 3. d4 cxd4 4. Nxd4 Nf6 5. Nc3 Nc6 6. Ndb5 Bb4 7. a3 Bxc3+ 8. Nxc3 d5 9. Bd3 dxe4 10. Nxe4 Nxe4 11. Bxe4 Qxd1+ 12. Kxd1 Bd7 13. f3 O-O-O 14. Be3 b6 15.
Ke2 Ne5 16. Rad1 Bb5+ 17. Kf2 Nc4 18. Bc1 g6 19. a4 Ba6 20. Bd3 Kb7 21. Bg5 Rd7 22.
Bxc4 Bxc4 23. Rxd7+ Kc6 24. Rhd1 Bd5 25. Rxf7 a6 26. b3 b5 27. axb5+ axb5 28. Ra1 h6 29. Be3 Kd6 30. Bd4 Rc8 31. Ra6+ Bc6 32. Rf6 Kd5 33. Be3 1-0

[Event "Early-Titled-Tuesday-Blitz-April-16-2024"]
[Site "Chess.com"]
[Date "2024.04.16"]
[Round "1"]
[White "FGHSMN"]
[Black "KINGOF2SOAP"]
[Result "1-0"]
[WhiteElo "2900"]
[BlackElo "2501"]
[TimeControl "180+1"]
[EndTime "8:04:14 PDT"]
[Termination "FGHSMN won by checkmate"]

1. Nf3 g6 2. d4 Bg7 3. e4 c5 4.
d5 d6 5. h3 Nf6 6. Nc3 a6 7.
a4 O-O 8. Be2 Nbd7 9. O-O e6 10.
dxe6 fxe6 11. Qxd6 Qe8 12. Bg5 Rf7 13. Rad1 h6 14. Be3 Bf8 15. Qd2 Rh7 16. e5 Nh5 17. Ne4 Bg7 18. g4 b6 19. gxh5 gxh5 20. Kh2 Bb7 21.
Qxd7 Bxe5+ 22. Nxe5 Rxd7 23. Nf6+ Kf8 24. Nexd7+ Qxd7 25. Rxd7 Bc6 26. Bxh6# 1-0

[Event "Early-Titled-Tuesday-Blitz-April-16-2024"]
[Site "Chess.com"]
[Date "2024.04.16"]
[Round "1"]
[White "HanSchut"]
[Black "WilsonPalencia21"]
[Result "0-1"]
[WhiteElo "2301"]
[BlackElo "2613"]
[TimeControl "180+1"]
[EndTime "8:04:14 PDT"]
[Termination "WilsonPalencia21 won by resignation"]

1. e4 c5 2. Nf3 d6 3. d4 cxd4 4. Nxd4 Nf6 5. f3 e5 6. Bb5+ Bd7 7. Bxd7+ Qxd7 8. Nf5 d5 9. Bg5 dxe4 10. Bxf6 gxf6 11. fxe4 Rg8 12. g3 Qxd1+ 13. Kxd1 Rg4 14. Re1 Nc6 15. c3 O-O-O+ 16. Kc2 Ne7 17. Nxe7+ Bxe7 18. Nd2 h5 19. Nf3 f5 20. Nxe5 Rxe4 21. Nxf7 Rf8 22. Ne5 h4 23. Ng6 Rf7 24. Rxe4 fxe4 25. Nxe7+ Rxe7 26. gxh4 Rh7 27. Re1 Rxh4 28. Re2 Kd7 29. c4 Kd6 30. Kc3 Ke5 31.
b4 Rh3+ 32. Kb2 Kd4 33. c5 Kd3 34. Rc2 e3 35. b5 Rh5 36. a4 e2 37. Rc3+ Kd4 38. Rc2 0-1

[Event "Early-Titled-Tuesday-Blitz-April-16-2024"]
[Site "Chess.com"]
[Date "2024.04.16"]
[Round "1"]
[White "Root_21"]
[Black "kyuotbi"]
[Result "1-0"]
[WhiteElo "2601"]
[BlackElo "2260"]
[TimeControl "180+1"]
[EndTime "8:04:18 PDT"]
[Termination "Root_21 won by resignation"]

1. e4 e5 2. Nf3 Nc6 3. Bb5 a6 4. Ba4 Nf6 5. O-O Be7 6. Re1 b5 7. Bb3 d6 8. c3 O-O 9. h3 Na5 10.
Bc2 c5 11. d4 Qc7 12. d5 c4 13.
b4 cxb3 14. axb3 Nb7 15. Bd3 Nc5 16. Bxb5 axb5 17. Rxa8 Nfxe4 18. b4 Bf5 19. Rxf8+ Bxf8 20. bxc5 Qxc5 21. Be3 Qc4 22. Nfd2 Nxd2 23. Nxd2 Qxd5 24. Qb3 Qxb3 25. Nxb3 Bc2 26. Nd2 f5 27. f4 Kf7 28.
Ra1 Ke6 29. Kf2 g5 30. g3 gxf4 31. gxf4 Bh6 32. fxe5 f4 33. Bd4 dxe5 34. Ra6+ Kd5 35. Bxe5 Bg5 36. Nf3 Be7 37. Bxf4 1-0

[Event "Early-Titled-Tuesday-Blitz-April-16-2024"]
[Site "Chess.com"]
[Date "2024.04.16"]
[Round "1"]
[White "RafalBRC"]
[Black "gau248"]
[Result "0-1"]
[WhiteElo "2198"]
[BlackElo "2582"]
[TimeControl "180+1"]
[EndTime "8:04:19 PDT"]
[Termination "gau248 won by checkmate"]

1. Nf3 d5 2. g3 Nf6 3. Bg2 e6 4. O-O Be7 5. c4 O-O 6. b3 dxc4 7. bxc4 Nc6 8. Bb2 Nd7 9. d4 Nb6 10. Nbd2 a5 11. Rc1 a4 12. a3 Bd7 13. c5 Nd5 14. e4 Nf6 15. Re1 Re8 16. Nc4 Bf8 17.
Nfe5 h6 18. Qf3 Rb8 19. d5 exd5 20. exd5 Nxe5 21. Nxe5 Bb5 22. Ng4 Nxg4 23. Qxg4 Qd7 24. Qxd7 Rxe1+ 25. Rxe1 Bxd7 26. Bd4 Re8 27. Rb1 Re2 28.
Rxb7 Re1+ 29. Bf1 Bh3 30. f4 Rxf1# 0-1

[Event "Early-Titled-Tuesday-Blitz-April-16-2024"]
[Site "Chess.com"]
[Date "2024.04.16"]
[Round "1"]
[White "Harry_Rakkel"]
[Black "amylazy"]
[Result "1-0"]
[WhiteElo "2737"]
[BlackElo "2425"]
[TimeControl "180+1"]
[EndTime "8:04:20 PDT"]
[Termination "Harry_Rakkel won by resignation"]

1. e4 c5 2. Nf3 e6 3. d4 cxd4 4. Nxd4 a6 5. Nc3 Qc7 6. Bd3 Nf6 7. Qe2 d6 8. O-O Nbd7 9. a4 Be7 10. Kh1 O-O 11. f4 b6 12. Be3 Bb7 13. Rf3 Nc5 14. Bg1 d5 15. e5 Nfe4 16. Rh3 g6 17.
Nd1 Rfe8 18. Ne3 Bf8 19. g4 Bg7 20. g5 Rac8 21. Ng4 Nd7 22. Qe1 Nf8 23. Qh4 Nc5 24. Nf6+ Bxf6 25. gxf6 Nxd3 26. Qh6 1-0

[Event "Early-Titled-Tuesday-Blitz-April-16-2024"]
[Site "Chess.com"]
[Date "2024.04.16"]
[Round "1"]
[White "Revan_2002"]
[Black "semchik73"]
[Result "1-0"]
[WhiteElo "2700"]
[BlackElo "2401"]
[TimeControl "180+1"]
[EndTime "8:04:20 PDT"]
[Termination "Revan_2002 won by resignation"]

1. Nf3 d5 2. g3 c6 3. Bg2 Nf6 4. O-O h6 5. d3 Bf5 6. c4 dxc4 7.
dxc4 Qxd1 8. Rxd1 e5 9. Nxe5 Bc5 10. Nc3 O-O 11. Nd3 Bd4 12. Nf4 Bb6 13. b3 Ng4 14. e3 g5 15. Nfe2 Ne5 16. Ba3 Re8 17. Nd4 Bg6 18.
h3 Na6 19. Be4 Bxe4 20. Nxe4 Kg7 21. Nd6 Red8 22. Nxb7 Bxd4 23. exd4 Rxd4 24. Rxd4 Nf3+ 25.
Kg2 Nxd4 26. Bb2 c5 27. Nxc5 1-0

[Event "Early-Titled-Tuesday-Blitz-April-16-2024"]
[Site "Chess.com"]
[Date "2024.04.16"]
[Round "1"]
[White "whitemirrorninja"]
[Black "scarabee43"]
[Result "0-1"]
[WhiteElo "2470"]
[BlackElo "2828"]
[TimeControl "180+1"]
[EndTime "8:04:23 PDT"]
[Termination "scarabee43 won by resignation"]

1. d4 Nf6 2. c4 e6 3. Nc3 d5 4. cxd5 exd5 5. Bg5 Be7 6. e3 h6 7. Bxf6 Bxf6 8. Bd3 c6 9. Nge2 O-O 10. O-O a5 11. a4 Na6 12. Rc1 Nb4 13. Bb1 Re8 14.
Qd2 g6 15. Rce1 Bg7 16. Nc1 h5 17. Nd3 Qd6 18. Nf4 Bd7 19. b3 Re7 20. Nd3 Nxd3 21.
Bxd3 Qb4 22. Qc2 Rae8 23. Re2 Bg4 24. f3 Rxe3 25. Rxe3 Rxe3 26. fxg4 Qxd4 27. Kh1 Qxd3 28. Qf2 Qxf1+ 29. Qxf1 Bxc3 0-1

[Event "Early-Titled-Tuesday-Blitz-April-16-2024"]
[Site "Chess.com"]
[Date "2024.04.16"]
[Round "1"]
[White "Vladimir_Zakhartsov"]
[Black "EddieUrquhart"]
[Result "1-0"]
[WhiteElo "2931"]
[BlackElo "2509"]
[TimeControl "180+1"]
[EndTime "8:04:28 PDT"]
[Termination "Vladimir_Zakhartsov won by resignation"]

1. d4 Nf6 2. c4 e6 3. Nf3 Nc6 4. g3 Bb4+ 5. Nbd2 a5 6. Bg2 O-O 7. O-O Bxd2 8. Bxd2 d6 9. Qc2 e5 10. Bc3 Qe7 11. e3 Bg4 12. Nd2 Bh5 13. a3 Bg6 14.
Qb3 Rab8 15. d5 Nd8 16. Bxa5 b6 17. Bc3 Nb7 18. Qd1 Nc5 19. b4 Nce4 20. Nxe4 Nxe4 21.
Bb2 f5 22. Re1 Qf7 23. f3 Nf6 24. f4 Nd7 25. fxe5 Nxe5 26. Bxe5 dxe5 27. d6 cxd6 28.
Bd5 1-0

[Event "Early-Titled-Tuesday-Blitz-April-16-2024"]
[Site "Chess.com"]
[Date "2024.04.16"]
[Round "1"]
[White "Misterfox120"]
[Black "Susal_De_Silva"]
[Result "0-1"]
[WhiteElo "2380"]
[BlackElo "2676"]
[TimeControl "180+1"]
[EndTime "8:04:28 PDT"]
[Termination "Susal_De_Silva won by resignation"]

1. d4 Nf6 2. Nc3 d5 3. Bf4 a6 4.
e3 b5 5. Nf3 Bb7 6. a3 e6 7. b4 Nbd7 8. Bd3 Bd6 9. Ne5 Ne4 10.
Nxe4 dxe4 11. Be2 Bxe5 12. dxe5 Nb6 13. Qd4 Qe7 14. Rd1 O-O 15. O-O Rfd8 16. Qb2 Bd5 17. Rd4 Bc4 18. Bxc4 Nxc4 19. Qc3 Rxd4 20. Qxd4 Rd8 21.
Qa7 g5 22. Bg3 Qd7 23. Qxa6 Qd5 24. Qa7 Qc6 25. h4 Nb6 0-1

[Event "Early-Titled-Tuesday-Blitz-April-16-2024"]
[Site "Chess.com"]
[Date "2024.04.16"]
[Round "1"]
[White "Bwert2602"]
[Black "Statham_01"]
[Result "0-1"]
[WhiteElo "2214"]
[BlackElo "2592"]
[TimeControl "180+1"]
[EndTime "8:04:33 PDT"]
[Termination "Statham_01 won by resignation"]

1. d4 Nf6 2. Nc3 e6 3. Bg5 Bb4 4. Qd3 b6 5. O-O-O d5 6. Qb5+ Qd7 7. Qxb4 a5 8. Qb5 Nc6 9. e4 Ba6 10. Qa4 b5 11. Bxb5 Bxb5 12. Qxb5 O-O 13. Bxf6 Rfb8 14.
Qc5 gxf6 15. exd5 Nb4 16. dxe6 Qxe6 17. d5 Qf5 18. Rd2 Qe5 19. Nf3 Nxa2+ 20. Kd1 Nxc3+ 21. Qxc3 Qxc3 22. bxc3 Rb1+ 23. Ke2 Rxh1 0-1

[Event "Early-Titled-Tuesday-Blitz-April-16-2024"]
[Site "Chess.com"]
[Date "2024.04.16"]
[Round "1"]
[White "FabianoCaruana"]
[Black "komogro"]
[Result "1-0"]
[WhiteElo "3088"]
[BlackElo "2536"]
[TimeControl "180+1"]
[EndTime "8:04:46 PDT"]
[Termination "FabianoCaruana won on time"]

1. g3 g6 2. Bg2 Bg7 3. Nf3 d6 4. O-O e5 5. e4 Ne7 6. d3 c5 7. c4 Nbc6 8. Nc3 O-O 9. Rb1 h6 10. a3 a5 11. Ne1 Nd4 12. Nc2 f5 13. exf5 Nxc2 14. Qxc2 Nxf5 15. Be3 Kh7 16. Rbe1 Rb8 17. Be4 Be6 18. Qd1 Qd7 19. a4 b6 20. h4 h5 21. Kh2 Kg8 22. Nd5 Rf7 23. Bg5 Kh7 24.
f3 Bxd5 25. Bxd5 Rff8 26. Be4 Nd4 27. f4 Nf5 28. g4 hxg4 29. Qxg4 Kg8 30. Bd5+ 1-0

[Event "Early-Titled-Tuesday-Blitz-April-16-2024"]
[Site "Chess.com"]
[Date "2024.04.16"]
[Round "1"]
[White "lluiss"]
[Black "nikitakhoroshev"]
[Result "0-1"]
[WhiteElo "2085"]
[BlackElo "2566"]
[TimeControl "180+1"]
[EndTime "8:04:46 PDT"]
[Termination "nikitakhoroshev won by resignation"]

1. Nf3 Nf6 2. d4 g6 3. g3 Bg7 4. Bg2 O-O 5. O-O d5 6. c4 c6 7.
cxd5 cxd5 8. Nc3 Ne4 9. Ng5 Nxc3 10. bxc3 Bf5 11. Qb3 h6 12. Nh3 Bxh3 13. Bxh3 b6 14. Bg2 e6 15. Ba3 Re8 16. e4 Nc6 17. exd5 Na5 18.
Qb5 a6 19. Qa4 exd5 20. Bb4 Nc4 21. Qc2 a5 0-1

[Event "Early-Titled-Tuesday-Blitz-April-16-2024"]
[Site "Chess.com"]
[Date "2024.04.16"]
[Round "1"]
[White "JSPrepz"]
[Black "Denisenko_Denis"]
[Result "1-0"]
[WhiteElo "2816"]
[BlackElo "2458"]
[TimeControl "180+1"]
[EndTime "8:04:49 PDT"]
[Termination "JSPrepz won by resignation"]

1. e4 e5 2. Nf3 Nf6 3. Nc3 Nc6 4. a3 d5 5. Bb5 dxe4 6. Nxe5 Qd6 7. d4 exd3 8. O-O Be7 9. Bf4 dxc2 10. Qxc2 Qd4 11.
Nxc6 Qxf4 12. Rfe1 Be6 13. Nd4+ c6 14. Nxc6 bxc6 15.
Bxc6+ Nd7 16. Bxa8 O-O 17. Nd5 Bxd5 18. Bxd5 Bf6 19.
Rad1 Ne5 20. Qe4 Qxe4 21. Rxe4 Rc8 22. b4 h5 23. b5 Rc3 24. a4 Rc2 25. h3 Rb2 26. Rde1 Nd3 27. Re8+ Kh7 28. Be4+ 1-0

[Event "Early-Titled-Tuesday-Blitz-April-16-2024"]
[Site "Chess.com"]
[Date "2024.04.16"]
[Round "1"]
[White "Orphanator2009"]
[Black "artin10862"]
[Result "0-1"]
[WhiteElo "2516"]
[BlackElo "2948"]
[TimeControl "180+1"]
[EndTime "8:04:50 PDT"]
[Termination "artin10862 won by resignation"]

1. e4 e5 2. Nf3 Nc6 3. Bc4 Bc5 4. d3 Nf6 5. Be3 d6 6. O-O O-O 7. Nc3 Bg4 8. h3 Bh5 9. a3 Nd4 10. Bxd4 Bxd4 11. Qd2 Bxf3 12. gxf3 Nh5 13. Ne2 Bxb2 14. Rab1 Bxa3 15. Rxb7 Bc5 16. Kg2 Bb6 17. c3 Qc8 18.
Ba6 Qe6 19. d4 Kh8 20. d5 Qe7 21. c4 f5 22. Bb5 Rf6 0-1

[Event "Early-Titled-Tuesday-Blitz-April-16-2024"]
[Site "Chess.com"]
[Date "2024.04.16"]
[Round "1"]
[White "GatoRojo150"]
[Black "H3nriqueTV"]
[Result "1-0"]
[WhiteElo "2609"]
[BlackElo "2288"]
[TimeControl "180+1"]
[EndTime "8:04:50 PDT"]
[Termination "GatoRojo150 won by resignation"]

1. e4 c5 2. Nf3 d6 3. Nc3 Nc6 4. d4 cxd4 5. Nxd4 Nf6 6. Bc4 e6 7. Bb3 a6 8. Be3 Be7 9. O-O O-O 10. f4 Qc7 11. f5 e5 12. Nde2 Bd7 13. Ng3 Rad8 14.
Nd5 Nxd5 15. Bxd5 Nb4 16. f6 Nxd5 17. exd5 gxf6 18. Bh6 Rfe8 19. Nh5 f5 20. Qd3 e4 21. Qg3+ 1-0

[Event "Early-Titled-Tuesday-Blitz-April-16-2024"]
[Site "Chess.com"]
[Date "2024.04.16"]
[Round "1"]
[White "Manukyan_Artak"]
[Black "MomchilPetkov"]
[Result "0-1"]
[WhiteElo "2514"]
[BlackElo "2944"]
[TimeControl "180+1"]
[EndTime "8:04:53 PDT"]
[Termination "MomchilPetkov won by resignation"]

1. e4 c5 2. Nf3 Nc6 3. c3 Nf6 4. e5 Nd5 5. d4 cxd4 6. cxd4 d6 7. Nc3 dxe5 8. dxe5 Nxc3 9. Qxd8+ Nxd8 10. bxc3 Bd7 11. Nd4 Rc8 12. Be3 e6 13. Kd2 a6 14.
Bd3 Be7 15. a4 Nc6 16. f4 Na5 17. Rhb1 O-O 18. Nb3 Nxb3+ 19. Rxb3 Bc6 20. g3 Rfd8 21. Kc2 Rd7 22. a5 Rcd8 23. Be2 Be4+ 24. Kb2 Rd2+ 25. Bxd2 Rxd2+ 26. Kc1 Rxe2 27. Ra4 Bc6 28. Rc4 Rxh2 29. Rxc6 bxc6 30. Rb6 Ra2 31. Rxa6 g6 32. Rxc6 Rxa5 33. Kd2 Ra2+ 34. Ke3 Rg2 35. Kf3 Rc2 36. c4 h5 37.
g4 Rc3+ 0-1

[Event "Early-Titled-Tuesday-Blitz-April-16-2024"]
[Site "Chess.com"]
[Date "2024.04.16"]
[Round "1"]
[White "Nutflush"]
[Black "KubaGepard"]
[Result "0-1"]
[WhiteElo "2136"]
[BlackElo "2568"]
[TimeControl "180+1"]
[EndTime "8:04:53 PDT"]
[Termination "KubaGepard won by checkmate"]

1. e4 e5 2. Nf3 Nc6 3. Bc4 Bc5 4.
c3 Nf6 5. d4 exd4 6. O-O Nxe4 7. cxd4 d5 8. dxc5 dxc4 9. Qe2 Qd3 10. Re1 f5 11. Nbd2 O-O 12. Nxe4 fxe4 13. Qxe4 Bf5 14. Qh4 Bg6 15. Bf4 Rae8 16. Bxc7 Rxf3 17. Rxe8+ Bxe8 18. gxf3 Nd4 19. Qe7 Bc6 20. Bd6 Nxf3+ 21. Kg2 Nd4+ 22. Kg1 Ne2+ 23. Kf1 Nf4+ 24. Kg1 Nh3# 0-1